 Dungeon Crawl Stone Soup version 0.31-a0-149-g3fdcc5976a (webtiles) character file.

Game seed: 3299517035466262824

114 xian the Sneak (level 4, -2/31 HPs)
             Began as a Demonspawn Enchanter on June 7, 2023.
             Killed from afar by an orc wizard (5 damage)
             ... with a puff of flame
             ... on level 3 of the Dungeon.
             The game lasted 00:05:55 (2628 turns).

xian the Sneak (Demonspawn Enchanter)               Turns: 2628, Time: 00:05:56

Health: -2/31      AC:  3    Str: 10    XL:     4   Next: 67%
Magic:  7/7        EV: 14    Int: 16    God:
Gold:   106        SH:  0    Dex: 14    Spells: 2/7 levels left

rFire   . . .        a - +1 dagger
rCold   . . .        (no shield)
rNeg    . . .        b - +0 robe
rPois   .            (no helmet)
rElec   .            o - +0 cloak
rCorr   .            (no gloves)
SInv    .            (no boots)
Will    .....        (no amulet)
Stlth   ++           (no ring)
HPRegen 0.25/turn    (no ring)
MPRegen 0.10/turn

%: no passive effects
@: no status effects
A: repulsion field 1, condensation shield
a: no special abilities


You were on level 3 of the Dungeon.
You visited 1 branch of the dungeon, and saw 3 of its levels.

You collected 106 gold pieces.

Inventory:

Hand Weapons
 a - a +1 dagger (weapon)
Missiles
 h - 17 stones (quivered)
 i - 5 poisoned darts
Armour
 b - a +0 robe (worn)
 j - the +0 scale mail "Pahiel" {+Blink}
   (You found it on level 2 of the Dungeon)

   +Blink:    It lets you blink.
 o - a +0 cloak (worn)
Scrolls
 d - 4 scrolls of identify {unknown}
 e - 2 scrolls of vulnerability {unknown}
 g - a scroll of teleportation {unknown}
 k - a scroll of fear {unknown}
 m - a scroll of noise {unknown}
Potions
 c - 3 potions of invisibility
 f - 3 potions of brilliance {unknown}
 l - a potion of enlightenment {unknown}
 n - a potion of haste {unknown}


   Skills:
 + Level 0.5 Fighting
 + Level 1.9 Short Blades
 * Level 0.8 Armour
 + Level 2.5 Dodging
 + Level 3.7 Stealth
 + Level 2.0 Spellcasting
 + Level 3.4 Hexes


You had 2 spell levels left.
You knew the following spells:

 Your Spells              Type           Power      Damage    Failure   Level
a - Confusing Touch       Hex            12%        N/A       16%         3
b - Ensorcelled Hibernat  Hex/Ice        14%        N/A       16%         2

Your spell library contained the following spells:

 Spells                   Type           Power      Damage    Failure   Level
 Tukima's Dance           Hex            12%        N/A       16%         3
 Dazzling Flash           Conj/Hex       14%        N/A       30%         3


Dungeon Overview and Level Annotations

Branches:
Dungeon (3/15)

Altars:


Innate Abilities, Weirdness & Mutations

You are surrounded by a mild repulsion field. (EV +2)
A meltable shield of frost defends you. (SH +0)


Message History

The orc completely misses you. Something hits you.
You hit the orc but do no damage.
The orc is moderately wounded.
The orc hits you with a +0 dagger. Something hits you.
You hit the orc.
The orc is heavily wounded.
The orc hits you but does no damage. Something hits you.
You hit the orc.
The orc is severely wounded.
The orc closely misses you. Something hits you but does no damage.
You closely miss the orc.
The orc is severely wounded.
You block the orc's attack. Something hits you but does no damage.
You hit the orc but do no damage.
The orc is severely wounded.
You barely miss the orc.
The orc is severely wounded.
The orc misses you. Something hits you.
You hit the orc.
You kill the orc!
Something hits you but does no damage. Something hits you.
Things that are here:
a +0 dagger; a +0 leather armour Something hits you.
A magic dart appears from out of thin air!
The magic dart hits you.
You hear some strange, mumbled words.
A magic dart appears from out of thin air!
The magic dart hits you!
* * * LOW HITPOINT WARNING * * *
You hit something. Something hits you.
* * * LOW HITPOINT WARNING * * *
You hit something but do no damage. Something hits you but does no damage.
You closely miss something.
You hear some strange, mumbled words.
A puff of flame appears from out of thin air!
The puff of flame hits you.
Your condensation shield dissipates!
You die...

#.......'.........'........
##...####.........####...##
#...#.## ##.......## #..###
#.###..# ##......# ##.##
#..# ##...#.# #..# #.##
##'##.###.## .# #.##.....#
.# #######.######)# .
#...@{))# #.# #.####...#
#.# # .....# #.#
.#.......... #.##..######.
# #..# .. ...# ...## .##
#.... #....


There were no monsters in sight!

Vanquished Creatures
  4 adders
  A worm (D:3)
  6 dart slugs
  7 orcs
  7 ball pythons
  4 bats
  3 endoplasms
  3 giant cockroaches
  6 hobgoblins (D:1)
  2 kobolds
  3 quokkas (D:1)
  6 goblins
  3 rats (D:2)
55 creatures vanquished.

Notes
Turn   | Place    | Note
-------+----------+-------------------------------------------
     0 | D:1      | xian the Demonspawn Enchanter began the quest for the Orb.
     0 | D:1      | Reached XP level 1. HP: 13/13 MP: 3/3
   156 | D:1      | Gained mutation: You are surrounded by a mild repulsion
                  | field. (EV +2) [demonic ancestry]
   156 | D:1      | Reached XP level 2. HP: 14/19 MP: 5/5
   397 | D:1      | Found a faded altar of an unknown god.
   481 | D:1      | Reached XP level 3. HP: 11/25 MP: 6/6
   563 | D:1      | Reached skill level 1 in Short Blades
  1135 | D:2      | Identified the +0 scale mail "Pahiel" {+Blink}
  1321 | D:2      | Learned a level 3 spell: Confusing Touch
  1324 | D:2      | Learned a level 2 spell: Ensorcelled Hibernation
  1562 | D:2      | Gained mutation: A meltable shield of frost defends you.
                  | (SH +0) [demonic ancestry]
  1562 | D:2      | Reached XP level 4. HP: 25/31 MP: 7/7
  2628 | D:3      | Killed from afar by an orc wizard

Illustrated notes

Levels and vault maps discovered:
D:1:      dpeg_arrival_houses_and_road, layout_basic,
          ebering_ecumenical_altar_mist, minmay_misc_feat_x, serial_park_tiny_1,
          kennysheep_doodads
D:2:      layout_loops_ring, wad_orctagon
D:3:      layout_loops_corners, elyvilon_altar_4,
          minmay_randomly_rotated_circles

Skill      XL: |  1  2  3 |
---------------+----------+-----
Stealth        | 3 |  3.7
Dodging        | 2 |  2.5
Short Blades   | 1 |  1.9
Fighting       | |  0.5
Armour         | |  0.8
Spellcasting   | |  2.0
Hexes          | |  3.4

Action                     |  1- 3 |  4- 6 || total
---------------------------+-------+-------++-------
  Melee: Dagger            |   175 |    88 ||   263
         Punch             |     2 |     1 ||     3
   Cast: Confusing Touch   |       |     1 ||     1
Ability: Evoke Blink       |     1 |       ||     1
   Stab: Sleeping          |     3 |     4 ||     7
         Confused          |       |     1 ||     1
 Armour: Robe              |    15 |    12 ||    27
         Scale mail        |    20 |    11 ||    31
  Dodge: Dodged            |    99 |    39 ||   138
  Block: Other             |       |     8 ||     8

Table legend: (Time is in decaauts)
 A = Elapsed time spent in this place.
 B = Non-inter-level travel time spent in this place.
 C = Inter-level travel time spent in this place.
 D = Time resting spent in this place.
 E = Time spent auto-exploring this place.
 F = Levels seen in this place.
 G = Mean time per level.
                   A        B        C        D        E       F      G
               +--------+--------+--------+--------+--------+-----+--------+
         Total |   2611 |   2546 |     65 |      0 |   1584 |   3 |  870.3 |
       Dungeon |   2611 |   2546 |     65 |      0 |   1584 |   3 |  870.3 |
               +--------+--------+--------+--------+--------+-----+--------+

Top non-repeatable levels by time:
     D:1: 1107 daAuts
     D:2: 1036 daAuts
     D:3: 467 daAuts
